 Dungeon Crawl Stone Soup version 0.26.0-10-g1f06aea511 (webtiles) character file.

Game seed: 7738077701393346284

511 Borgoz the Slasher (level 7, -1/59 HPs)
             Began as a Ghoul Gladiator on Jan 14, 2021.
             Slain by a phantom (9 damage)
             ... on level 4 of the Dungeon.
             The game lasted 00:05:13 (4794 turns).

Borgoz the Slasher (Ghoul Gladiator)                Turns: 4794, Time: 00:05:14

Health: -1/59      AC:  4    Str: 18    XL:     7   Next: 19%
Magic:  6/6        EV: 14    Int:  3    God:
Gold:   231        SH:  0    Dex: 12    Spells: 6/6 levels left

rFire    . . .     SeeInvis +   a - +0 long sword
rCold    + . .     Faith    .   (no shield)
rNeg     + + +     Spirit   .   b - +0 leather armour
rPois    ∞         Reflect  .   c - +0 helmet
rElec    .         Harm     .   (no cloak)
rCorr    .         Rampage  .   (no gloves)
Will     .....                  (no boots)
Stlth    +.........             (no amulet)
HPRegen  0.00/turn              n - ring of see invisible
MPRegen  0.10/turn              (no ring)

@: no status effects
A: claws 1, cold resistance 1, negative energy resistance 3, inhibited
regeneration, torment resistance, unbreathing
a: no special abilities


You were on level 4 of the Dungeon.
You visited 1 branch of the dungeon, and saw 4 of its levels.

You collected 231 gold pieces.

Inventory:

Hand Weapons
 a - a +0 long sword (weapon)
Missiles
 d - a throwing net (quivered)
Armour
 b - a +0 leather armour (worn)
 c - a +0 helmet (worn)
Jewellery
 n - a ring of see invisible (left claw)
Scrolls
 e - 2 scrolls of teleportation
 f - a scroll of remove curse
 g - a scroll of noise {unknown}
 h - a scroll of fog
 i - 2 scrolls of magic mapping
 j - a scroll of enchant weapon {unknown}
 k - 5 scrolls of enchant armour


   Skills:
 + Level 4.1 Fighting
 * Level 5.0 Long Blades
 - Level 1.7 Throwing
 * Level 5.0 Dodging


You had 6 spell levels left.
You didn't know any spells.
Your spell library was empty.

Dungeon Overview and Level Annotations

Branches:
Dungeon (4/15)
 Temple: D:4-7

Altars:
Ru

Annotations:
D:3 2 transporters, MisterFreud's ghost, amateur TrAr


Innate Abilities, Weirdness & Mutations

You thrive by killing the living.
You are immune to poison.
You have sharp fingernails.
Your flesh is cold resistant. (rC+)
You are immune to negative energy. (rN+++)
You do not regenerate when monsters are visible.
You are immune to unholy pain and torment.
You can survive without breathing.


Message History

The phantom is almost destroyed.
The phantom hits you but does no damage.
You closely miss the phantom.
The phantom is almost destroyed.
The phantom closely misses you. The phantom barely misses you.
You miss the phantom.
The phantom is almost destroyed.
The phantom hits you.
* * * LOW HITPOINT WARNING * * *
You closely miss the phantom.
The phantom is almost destroyed.
The phantom hits you but does no damage.
You closely miss the phantom.
The phantom is almost destroyed.
The phantom barely misses you.
You riposte.
You barely miss the phantom.
The phantom is almost destroyed.
You barely miss the phantom.
The phantom is almost destroyed.
The phantom hits you!
You die...

#. #. ## #### #..
### #.# #..
####.#### .######.#
#.W@....# .........
#.##.##.# #######.#
# #.##.# #.... #
#.##.########.#.. #.
#.##.#...........
#.##.##.#.......####
#.......#.......#
#.......#.......#
#.##.##.#.......#


You could see a phantom.

Vanquished Creatures
  A hound (D:2)
  An orc priest (D:4)
  2 orc wizards
  An iguana (D:4)
  Terence (D:3)
  5 worker ants (D:4)
  4 gnolls (D:2)
  7 adders
  An ooze (D:1)
  An adder skeleton (D:4)
  4 worms
  2 dart slugs
  4 leopard geckos
  9 orcs
  14 giant cockroaches
  3 goblins
  A hobgoblin (D:1)
  6 jackals
  9 kobolds
  2 quokkas
  A ball python (D:3)
  14 bats
  4 frilled lizards
  9 rats
106 creatures vanquished.

Notes
Turn   | Place    | Note
-------+----------+-------------------------------------------
     0 | D:1      | Borgoz the Ghoul Gladiator began the quest for the Orb.
     0 | D:1      | Reached XP level 1. HP: 17/17 MP: 0/0
   205 | D:1      | Reached XP level 2. HP: 18/25 MP: 1/1
   638 | D:1      | Reached XP level 3. HP: 30/30 MP: 2/2
  1236 | D:2      | Reached XP level 4. HP: 36/37 MP: 3/3
  1546 | D:2      | Reached XP level 5. HP: 15/45 MP: 4/4
  1562 | D:2      | Found a faded altar of an unknown god.
  2557 | D:3      | Noticed Terence
  2563 | D:3      | Killed Terence
  2673 | D:3      | Found a transporter.
  2673 | D:3      | Noticed MisterFreud's ghost (amateur TrAr)
  2722 | D:3      | Reached XP level 6. HP: 39/51 MP: 5/5
  3176 | D:3      | Found a transporter.
  3661 | D:4      | Found a sacrificial altar of Ru.
  4299 | D:4      | Reached XP level 7. HP: 52/59 MP: 6/6
  4597 | D:4      | Reached skill level 5 in Long Blades
  4618 | D:4      | Reached skill level 5 in Dodging
  4794 | D:4      | Slain by a phantom

Illustrated notes

Levels and vault maps discovered:
D:1:      dpeg_arrival_three_same_balls, layout_basic
D:2:      lemuel_upstairs_altar, layout_basic, chequers_ecumenical_altar_island,
          minmay_worlds_worst_comb
D:3:      minmay_roachtagon, layout_basic, gammafunk_ghost_stat_death,
          st_stairs_12, minmay_fractal_squares_gapless_5, uniq_terence
D:4:      layout_loops_cross, fedhas_altar_2, nicolae_ru_awakened_eye

Skill      XL: |  1  2  3  4  5  6  7 |
---------------+----------------------+-----
Long Blades    | 3 4 5 |  5.0
Dodging        | 3 4 5 |  5.0
Fighting       | 3 4 |  4.1
Throwing       | |  1.7

Action                   |  1- 3 |  4- 6 |  7- 9 || total
-------------------------+-------+-------+-------++-------
Melee: Long sword        |    74 |   280 |    71 ||   425
Throw: Throwing net      |       |     5 |       ||     5
  Use: Scroll            |       |    12 |       ||    12
       Potion            |       |     1 |       ||     1
 Stab: Held in net/web   |       |     1 |       ||     1
       Sleeping          |       |     1 |       ||     1
Armor: Leather armour    |    44 |   111 |    10 ||   165
Dodge: Dodged            |    75 |   239 |    43 ||   357
       Rpst.: Long sword |    20 |    77 |    11 ||   108
